 Dungeon Crawl Stone Soup version 0.15.2 (console) character file.

212644 Kite the Executioner (level 18, -1/177 (180) HPs)
             Began as a Minotaur Berserker on Jan 6, 2015.
             Was a High Priest of Trog.
             Slain by a thorn hunter (3 damage)
             ... on Level 4 of the Swamp on Jan 7, 2015.
             The game lasted 05:05:47 (54769 turns).

Kite the Executioner (Minotaur Berserker)          Turns: 54769, Time: 05:05:48

HP  -1/177 (180) AC 30     Str 24      XL: 18   Next: 25%
MP   7/7         EV  5     Int  4      God: Trog [*****.]
Gold 1707        SH 10     Dex 16      Spells:  0 memorised, 17 levels left

rFire  + . .     SeeInvis .     b - +3 mace
rCold  . . .     Clarity  .     C - +5 plate armour
rNeg   . . .     rCorr    .     D - +2 shield {rF+}
rPois  +         rRot     .     (helmet restricted)
rElec  .         Spirit   .     (no cloak)
SustAb .         Warding  .     B - +2 pair of gloves
rMut   .         Stasis   .     A - +2 pair of boots
Gourm  +                        T - amulet of the gourmand
MR     ++...                    U - ring of flight
                                c - ring of poison resistance

@: studying Evocations, very resistant to hostile enchantments, extremely
unstealthy
A: retaliatory headbutt, horns 2, magic resistance 1
a: Burn Spellbooks, Berserk, Trog's Hand, Brothers in Arms, Renounce Religion,
Evoke Flight
}: 1/15 runes: serpentine


You were on level 4 of the Swamp.
You worshipped Trog.
Trog was extremely pleased with you.
You were very full.

You visited 6 branches of the dungeon, and saw 37 of its levels.
You also visited: Labyrinth and Bailey.

You collected 3218 gold pieces.
You spent 1511 gold pieces at shops.

Inventory:

Hand weapons
 a - a +9 broad axe of chopping
 b - a +3 mace (weapon)
 d - a +2 antimagic executioner's axe
 x - a +0 antimagic broad axe
Missiles
 v - 19 tomahawks of returning (quivered)
Armour
 A - a +2 pair of boots (worn)
 B - a +2 pair of gloves (worn)
 C - a +5 plate armour (worn)
 D - a +2 shield of fire resistance (worn)
Magical devices
 e - a wand of frost (9)
 l - a wand of teleportation (3)
 s - a wand of draining (7) {unknown}
 u - a wand of teleportation (5)
 E - a wand of disintegration (13)
 M - a wand of digging (6)
Comestibles
 q - 12 meat rations
 t - 42 fruits
 F - 2 rotting chunks of swamp worm flesh
 X - 19 bread rations
Scrolls
 n - 9 scrolls of teleportation
 o - 4 scrolls of blinking
 p - a scroll of brand weapon
 r - 6 scrolls of fear
 z - 5 scrolls of identify
 H - 5 scrolls of fog
 I - 7 scrolls of recharging
 Z - 8 scrolls of remove curse
Jewellery
 c - a ring of poison resistance (left hand)
 w - the ring "Plebuij" {rElec rF- Dex+2 Int+2 Slay+5 SInv Stlth+}
   (You found it in a labyrinth)

   [ring of stealth]

   It affects your intelligence (+2).
   It affects your dexterity (+2).
   It affects your accuracy and damage with ranged weapons and melee attacks
   (+5).
   It makes you vulnerable to fire.
   It insulates you from electricity.
   It enhances your eyesight.
   It makes you more stealthy.
 y - the ring of the Nine Moons {+cTele rF+ rC+}
   (You took it off a minotaur in a labyrinth)

   [ring of teleport control]

   It can be evoked for teleport control.
   It protects you from fire.
   It protects you from cold.
 G - the ring of Nisseum {+Fly rN+ Str+4}
   (You found it on level 12 of the Dungeon)

   [ring of flight]

   It affects your strength (+4).
   It protects you from negative energy.
   It lets you fly.
 L - an uncursed amulet of resist mutation
 N - an uncursed amulet of stasis
 O - an uncursed ring of protection from cold
 T - an amulet of the gourmand (around neck)
 U - a ring of flight (right hand)
 V - an uncursed ring of protection from magic
Potions
 f - 7 potions of restore abilities
 g - 2 potions of agility
 i - 6 potions of haste
 j - 5 potions of brilliance
 k - 5 potions of might
 J - 2 potions of flight
 K - a potion of berserk rage
 P - a potion of magic
 R - a potion of invisibility
 S - 3 potions of cure mutation
 W - 2 potions of resistance
 Y - 4 potions of cancellation
Books
 m - a manual of Evocations


   Skills:
 - Level 20.9 Fighting
 + Level 24.9 Axes
 * Level 17.4 Armour
 - Level 2.1 Dodging


You had 17 spell levels left.
You didn't know any spells.

Dungeon Overview and Level Annotations

Branches:
Dungeon (15/15)            Temple (1/1) D:4             Orc (4/4) D:11
    Elf (0/3) Orc:3          Lair (8/8) D:9           Swamp (4/5) Lair:3
  Snake (5/5) Lair:6        Slime (0/6) Lair:8       Vaults (0/5) D:13
 Depths (0/5) D:15

Altars:
Ashenzari
Cheibriados
Dithmenos
Elyvilon
Fedhas
Kikubaaqudgha
Makhleb
Nemelex Xobeh
Okawaru
Qazlal
Sif Muna
Trog
Vehumet
Xom
Yredelemnul
Zin
The Shining One
Jiyva

Shops:
D:5 =   D:6 !   D:8 (   D:10 %   Orc:3 (   Orc:4 *!?=   Snake:5 %


Innate Abilities, Weirdness & Mutations

You reflexively headbutt those who attack you in melee.
You have a pair of horns on your head.
You are resistant to hostile enchantments.


Message History

The six-headed hydra bites you but does no damage. x3
The six-headed hydra bites you.
* * * LOW HITPOINT WARNING * * *
The six-headed hydra bites you.
* * * LOW HITPOINT WARNING * * *
The six-headed hydra bites you but does no damage.
Use which ability? (? or * to list)
Your ogre goes berserk!
You feel somewhat less full.
The thorn hunter fires a volley of thorns at you.
The volley of thorns hits you!
* * * LOW HITPOINT WARNING * * *
You block the six-headed hydra's attack.
The six-headed hydra bites you but does no damage.
You block the six-headed hydra's attack.
The six-headed hydra bites you but does no damage.
The six-headed hydra barely misses you.
The six-headed hydra bites you but does no damage.
The thorn hunter hits you.
You die...

≈≈≈≈ ♣♣♣ ♣··≈ ≈·▒··≈≈
♣≈≈≈ ···▒··♣· ♣·≈≈
♣··▒·(·≈ ♣··≈
♣♣♣♣♣≈··▒··· ··≈
♣♣≈♣§·····▒··
♣♣D♣♣♣♣♣≈·≈≈≈≈≈··▒▒·
♣Pf·O≈♣·≈≈≈≈≈≈≈≈··▒▒
♣♣·@≈≈♣≈≈≈≈≈≈··≈≈···
♣♣♣♣§·♣≈≈≈≈≈·····>≈≈
♣≈≈·≈≈·PPPP····♣♣·≈≈
·≈≈···≈·♣·≈··≈♣·····≈≈
·≈≈≈♣≈≈♣♣♣♣≈≈♣♣·≈≈≈·≈≈
≈≈≈≈♣♣≈♣♣≈·♣♣♣♣♣·≈≈≈§≈
≈≈ ≈♣♣♣··♣♣♣♣♣·≈≈≈≈≈
·≈ ♣·≈≈♣≈·≈··≈·≈≈ ♣♣
··♣ ♣≈≈≈≈≈·≈>≈≈§·≈


You could see a thorn hunter, a six-headed hydra and a friendly ogre (berserk).

Vanquished Creatures
  The ghost of Tutankham the Unseen, a mighty SpEn of Dithmenos (Snake:5)
  A thorn hunter (Swamp:4)
  An azure jelly (Lair:8)
  The ghost of dysrexia the Severer, a powerful MiBe of Trog (Snake:1)
  Aizul (Swamp:2)
  7 greater nagas
  A very ugly thing (Swamp:4)
  A death ooze (Lair:8)
  Snorg (D:14)
  A minotaur (Lab)
  12 hydras
  A rakshasa (D:15)
  6 great orbs of eyes (Lair:8)
  15 naga warriors
  3 shambling mangroves
  A ravenous feature mimic (Swamp:3)
  4 centaur warriors
  An ogre mage (D:14)
  Erica (Lair:4)
  12 anacondas
  2 dancing weapons (D:13)
  12 death yaks
  A tengu warrior (D:14)
  2 orc high priests (Orc:4)
  14 naga sharpshooters
  6 alligators
  7 shock serpents
  4 catoblepae
  Nergalle (D:11)
  A skeletal warrior (D:15)
  2 salamander mystics (Snake:5)
  A flayed ghost (D:15)
  2 spriggan druids
  3 unseen horrors
  8 naga ritualists
  5 orc knights
  A necromancer (D:15)
  6 hill giants
  3 swamp dragons
  The ghost of Mandevil the Conjurer, an experienced OpCj of Vehumet (Bailey)
  6 mana vipers
  An oklob plant (Orc:1)
  12 ugly things
  3 griffons (Lair:7)
  A fire giant zombie (D:15)
  A wolf spider (D:15)
  5 salamanders
  A wizard (D:14)
  4 orc sorcerers
  A dire elephant zombie (D:15)
  2 guardian serpents
  2 cyclopes
  19 elephants
  A gargoyle (D:12)
  28 naga magi
  A centaur zombie (D:15)
  An iron devil (Orc:4)
  A queen ant (Lair:3)
  A centaur skeleton (D:12)
  46 black mambas
  6 komodo dragons
  3 kobold demonologists
  16 spiny frogs
  An emperor scorpion zombie (D:15)
  A redback zombie (D:15)
  5 fire drakes
  A guardian mummy (D:15)
  5 trolls
  The ghost of Jard the Quickloader, an experienced KoHu (D:4)
  10 giant leeches
  A queen bee (D:13)
  A polar bear (shapeshifter) (D:13)
  3 polar bears
  33 slime creatures
  4 two-headed ogres
  6 ravens
  A trapdoor spider zombie (D:15)
  5 bog bodies
  3 baby alligators (Swamp:3)
  A blink frog (Lair:6)
  A basilisk (Lair:3)
  2 deep elf magi
  35 yaks
  3 wyverns
  11 hippogriffs
  Eustachio (Orc:2)
  A steam dragon (D:10)
  2 hungry ghosts
  A chaos spawn (Orc:4)
  11 spriggans
  A human zombie (D:14)
  20 swamp worms
  55 nagas
  12 vampire mosquitoes
  5 wolves (Lair:3)
  4 mottled dragons
  10 porcupines
  6 soldier ants
  38 water moccasins
  A black bear (Lair:2)
  23 orc warriors
  11 ice beasts
  A tengu skeleton (D:14)
  5 swamp drakes
  2 boring beetles
  A phantom (D:8)
  2 sky beasts
  A necrophage (D:12)
  7 yellow wasps
  14 ogres
  14 crocodiles
  A yaktaur zombie (D:14)
  17 centaurs
  5 big kobolds
  A brain worm (Lair:8)
  17 giant frogs
  2 yaktaur skeletons
  15 insubstantial wisps (Swamp:1)
  2 scorpions
  A cyclops skeleton (D:15)
  2 eyes of draining
  17 killer bees (D:13)
  13 wights
  2 electric eels
  A goliath beetle (D:9)
  13 crimson imps
  A black bear zombie (D:8)
  A quasit (D:13)
  6 jellies
  20 orc priests
  A giant frog skeleton (D:10)
  14 iguanas
  8 hounds
  An elf skeleton (D:15)
  16 worker ants
  25 orc wizards
  A spectral orc (D:11)
  21 sheep
  A big kobold zombie (D:8)
  2 mummies
  76 green rats
  21 adders
  2 orc skeletons
  2 giant mites
  4 shadow imps
  3 worms
  An adder skeleton (D:8)
  A gnoll skeleton (D:7)
  5 giant geckos
  4 oozes
  124 orcs
  2 ball pythons
  9 bats
  4 giant cockroaches
  28 goblins
  31 hobgoblins
  16 quokkas
  A giant gecko skeleton (D:8)
  A giant newt (D:4)
  2 giant spores
  2 hobgoblin skeletons
  10 jackals
  37 kobolds
  2 kobold skeletons
  15 rats
  7 ballistomycetes
  4 briar patches (Swamp:4)
  A bush (Lair:7)
  3 fungi
  20 plants
1364 creatures vanquished.

Vanquished Creatures (collateral kills)
  A tengu warrior (Swamp:2)
  2 orc high priests (Orc:4)
  2 naga sharpshooters (Snake:3)
  An orc sorcerer (Orc:4)
  2 sixfirhies (Orc:4)
  A naga mage (Snake:3)
  A guardian serpent (Snake:3)
  A tengu conjurer (Swamp:2)
  A slime creature (Swamp:2)
  A two-headed ogre (Snake:5)
  2 ravens (Swamp:2)
  A neqoxec (Orc:4)
  A water moccasin (Swamp:2)
  3 nagas (Snake:3)
  3 orc warriors (Orc:4)
  An orc priest (Orc:4)
  3 orc wizards (Orc:4)
  An orc (Orc:4)
28 creatures vanquished.

Vanquished Creatures (others)
  A deep troll (Swamp:2)
  An ogre (Swamp:2)
  A giant spore (D:9)
  6 fungi
  3 plants (Lair:7)
  3 toadstools (Swamp:4)
15 creatures vanquished.

Grand Total: 1407 creatures vanquished

Notes
Turn   | Place    | Note
--------------------------------------------------------------
     0 | D:1      | Kite, the Minotaur Berserker, began the quest for the Orb.
     0 | D:1      | Reached XP level 1. HP: 19/19 MP: 1/1
   263 | D:1      | Reached skill level 4 in Axes
   401 | D:1      | Reached XP level 2. HP: 26/26 MP: 1/1
   541 | D:1      | Acquired Trog's second power
  1007 | D:2      | Reached skill level 5 in Axes
  1007 | D:2      | Reached XP level 3. HP: 28/31 MP: 2/2
  1776 | D:2      | Reached skill level 6 in Axes
  1776 | D:2      | Reached XP level 4. HP: 35/39 MP: 2/2
  2201 | D:3      | Found a stormy altar of Qazlal.
  2217 | D:3      | Noticed a water elemental
  2225 | D:3      | Noticed a fire elemental
  2225 | D:3      | Noticed an air elemental
  2285 | D:3      | Reached XP level 5. HP: 43/45 MP: 2/2
  2449 | D:4      | Noticed Jard's ghost (experienced KoHu)
  2464 | D:4      | Reached skill level 7 in Axes
  2465 | D:4      | Killed Jard's ghost
  2465 | D:4      | Reached skill level 8 in Axes
  2465 | D:4      | Reached XP level 6. HP: 27/51 MP: 0/3
  2659 | D:4      | Reached skill level 9 in Axes
  2791 | D:4      | Found a staircase to the Ecumenical Temple.
  2831 | D:4      | Noticed an ogre
  2841 | D:4      | Killed an ogre
  2958 | D:4      | Reached XP level 7. HP: 57/57 MP: 3/3
  3290 | Temple   | Entered the Ecumenical Temple
  3384 | D:5      | Entered Level 5 of the Dungeon
  3442 | D:5      | Reached skill level 10 in Axes
  3614 | D:5      | Acquired Trog's third power
  3659 | D:5      | Reached skill level 11 in Axes
  3732 | D:5      | Received a gift from Trog
  3894 | D:5      | Reached XP level 8. HP: 62/64 MP: 3/3
  3968 | D:5      | Found Warchapt's Jewellery Shoppe.
  3992 | D:5      | Got a pair of bloodstained boots
  3998 | D:5      | Identified the +2 pair of boots of the Nine of Swords {Str+1 Int-2} (You found it on level 5 of the Dungeon)
  4230 | D:6      | Reached skill level 12 in Axes
  4291 | D:6      | Got a jewelled chain mail
  4302 | D:6      | Identified the +3 chain mail of the Four Curses {Dex-5 Int-3} (You found it on level 6 of the Dungeon)
  4302 | D:6      | Lost intelligence.
  4520 | D:6      | Found Striotuquv's Distillery.
  4523 | D:6      | Bought a potion of heal wounds for 39 gold pieces
  4523 | D:6      | Bought a potion of mutation for 32 gold pieces
  4523 | D:6      | Bought a potion of restore abilities for 39 gold pieces
  4523 | D:6      | Bought a potion of brilliance for 32 gold pieces
  4523 | D:6      | Bought a potion of cancellation for 71 gold pieces
  5101 | D:7      | Noticed a hill giant
  5102 | D:7      | Identified the Almanac of the Voyage and Enhancements (You found it on level 7 of the Dungeon)
  5111 | D:7      | Killed a hill giant
  5111 | D:7      | Reached skill level 13 in Axes
  5111 | D:7      | Reached XP level 9. HP: 59/70 MP: 1/4
  5197 | D:7      | Reached skill level 14 in Axes
  6579 | D:8      | Reached skill level 15 in Axes
  6608 | D:8      | Found Thracisch's Antique Weapon Boutique.
  7233 | D:9      | Reached skill level 16 in Axes
  7365 | D:9      | Found a staircase to the Lair.
  7365 | D:9      | Noticed a fire drake
  7380 | D:9      | Killed a fire drake
  7380 | D:9      | Reached XP level 10. HP: 77/77 MP: 2/4
  7478 | Lair:1   | Entered Level 1 of the Lair of Beasts
  8583 | Lair:2   | Reached skill level 17 in Axes
  9587 | Lair:3   | Found a staircase to the Swamp.
 10170 | Lair:3   | Reached skill level 18 in Axes
 10871 | Lair:3   | Reached XP level 11. HP: 67/82 MP: 4/4
 10949 | Lair:3   | Received a gift from Trog
 11485 | Lair:3   | Noticed a six-headed hydra
 11499 | Lair:3   | Killed a six-headed hydra
 11499 | Lair:3   | Reached skill level 19 in Axes
 12320 | D:10     | Entered Level 10 of the Dungeon
 12752 | D:10     | Found a flagged portal.
 12761 | Bailey   | Entered a bailey
 12761 | Bailey   | Noticed Mandevil's ghost (experienced OpCj)
 12777 | Bailey   | Killed Mandevil's ghost
 12954 | Bailey   | Found a bloodstained altar of Trog.
 13274 | D:10     | Killed an unseen horror
 13277 | D:11     | Noticed Nergalle
 13288 | D:10     | Reached skill level 20 in Axes
 13358 | D:10     | Found Vicascharye's Food Emporium.
 14175 | D:11     | Killed Nergalle
 14584 | D:11     | Reached skill level 21 in Axes
 14592 | D:11     | Received a gift from Trog
 14741 | D:11     | Reached XP level 12. HP: 77/90 MP: 5/5
 14754 | D:11     | Received a gift from Trog
 14767 | D:11     | Found a staircase to the Orcish Mines.
 15242 | Lair:4   | Noticed a five-headed hydra
 15252 | Lair:4   | Killed a five-headed hydra
 15346 | Lair:4   | Identified a scroll of acquirement
 15375 | Lair:4   | Noticed Erica
 15384 | Lair:4   | Killed Erica
 16374 | Lair:5   | Noticed a six-headed hydra
 16386 | Lair:5   | Killed a six-headed hydra
 17034 | Lair:5   | Reached skill level 22 in Axes
 18066 | Lair:6   | Reached skill level 5 in Armour
 18106 | Lair:6   | Noticed a six-headed hydra
 18122 | Lair:6   | Killed a six-headed hydra
 18122 | Lair:6   | Reached skill level 5 in Fighting
 18509 | Lair:6   | Found a staircase to the Snake Pit.
 18993 | Lair:6   | Reached XP level 13. HP: 88/104 MP: 5/5
 19297 | Lair:6   | Received a gift from Trog
 19914 | Lair:7   | Reached skill level 10 in Armour
 21090 | Lair:8   | Entered Level 8 of the Lair of Beasts
 21428 | Lair:8   | Paralysed by a great orb of eyes for 2 turns
 21438 | Lair:8   | Received a gift from Trog
 21442 | Lair:8   | Noticed an azure jelly
 21444 | Lair:8   | Found a viscous altar of Jiyva.
 21447 | Lair:8   | Killed an azure jelly
 21452 | Lair:8   | Reached skill level 10 in Fighting
 21651 | Lair:8   | Reached XP level 14. HP: 109/118 MP: 1/5
 21946 | Lair:8   | Found a staircase to the Slime Pits.
 23022 | Lair:8   | Received a gift from Trog
 23771 | Lair:8   | Reached skill level 15 in Armour
 24293 | Orc:1    | Entered Level 1 of the Orcish Mines
 25075 | Orc:2    | Noticed Eustachio
 25099 | Orc:2    | Received a gift from Trog
 25103 | Orc:2    | Killed Eustachio
 25634 | Orc:3    | Found a staircase to the Elven Halls.
 25864 | Orc:3    | Found Tegeah's Antique Weapon Boutique.
 25975 | Orc:4    | Entered Level 4 of the Orcish Mines
 26219 | Orc:4    | Received a gift from Trog
 27250 | Orc:4    | Found Muag Eru's Distillery.
 27250 | Orc:4    | Found Rusot's General Store.
 27252 | Orc:4    | Found Eshi Had's Jewellery Emporium.
 27254 | Orc:4    | Found Yfoheaw's Magic Scroll Emporium.
 27364 | Orc:4    | Bought a potion of beneficial mutation for 420 gold pieces
 27365 | Orc:4    | Gained mutation: You are resistant to hostile enchantments. [potion of beneficial mutation]
 27369 | Orc:4    | Bought the amulet of the Air {Inacc +Fly rElec EV+5 RMsl} for 618 gold pieces
 27586 | Orc:4    | Bought an uncursed ring of poison resistance for 260 gold pieces
 27918 | Swamp:1  | Entered Level 1 of the Swamp
 28247 | Swamp:1  | Reached XP level 15. HP: 128/131 MP: 6/6
 28805 | Swamp:1  | Received a gift from Trog
 29677 | Swamp:2  | Noticed Aizul
 29707 | Swamp:2  | Killed Aizul
 31437 | D:12     | Got a pitted steel ring
 31438 | D:12     | Identified the ring of Nisseum {+Fly rN+ Str+4} (You found it on level 12 of the Dungeon)
 32222 | D:13     | Reached skill level 15 in Fighting
 32471 | D:13     | Found a labyrinth entrance.
 32521 | Lab      | Entered a labyrinth
 35800 | Lab      | Got a sparkling bone ring
 35959 | Lab      | Identified the ring of the Nine Moons {+cTele rF+ rC+} (You took it off a minotaur in a labyrinth)
 35968 | Lab      | Got a slimy iron ring
 35969 | Lab      | Identified the ring "Plebuij" {rElec rF- Dex+2 Int+2 Slay+5 SInv Stlth+} (You found it in a labyrinth)
 36168 | D:13     | Found a gate to the Vaults.
 36214 | D:13     | Got a vibrating silver ring
 37478 | D:14     | Identified the ring "Qaofiol" {Wiz Str+4 Int+5} (You took it off a kobold on level 13 of the Dungeon)
 37595 | D:14     | Received a gift from Trog
 37761 | D:14     | Noticed Snorg
 37771 | D:14     | Killed Snorg
 38569 | D:14     | Reached skill level 23 in Axes
 38897 | D:15     | Entered Level 15 of the Dungeon
 38911 | D:15     | Reached XP level 16. HP: 148/148 MP: 6/6
 39072 | D:15     | Found a staircase to the Depths.
 39434 | D:15     | Received a gift from Trog
 40476 | Snake:1  | Entered Level 1 of the Snake Pit
 40810 | Snake:1  | Noticed dysrexia's ghost (powerful MiBe)
 40823 | Snake:1  | Killed dysrexia's ghost
 42478 | Snake:3  | Received a gift from Trog
 45138 | Snake:4  | Received a gift from Trog
 45898 | Snake:5  | Entered Level 5 of the Snake Pit
 46333 | Snake:5  | Reached XP level 17. HP: 152/165 MP: 6/6
 46575 | Snake:5  | Found Ylage's Food Emporium.
 46676 | Snake:5  | Reached skill level 24 in Axes
 47078 | Snake:5  | Noticed Tutankham's ghost (mighty SpEn)
 47476 | Snake:5  | Received a gift from Trog
 51249 | Snake:5  | Received a gift from Trog
 51379 | Snake:5  | Got a serpentine rune of Zot
 51595 | Snake:5  | Killed Tutankham's ghost
 53043 | Swamp:3  | Reached XP level 18. HP: 177/177 MP: 7/7
 53097 | Swamp:3  | Found a snail-covered altar of Cheibriados.
 53777 | Swamp:3  | Received a gift from Trog
 54768 | Swamp:4  | HP: 1/177 [thorn hunter/volley of thorns (24)]
 54769 | Swamp:4  | Slain by a thorn hunter

Action                   |  1- 3 |  4- 6 |  7- 9 | 10-12 | 13-15 | 16-18 || total
-------------------------+-------+-------+-------+-------+-------+-------++-------
Melee: Hand axe          |    78 |    85 |   334 |       |       |       ||   497
       Battleaxe         |       |       |    29 |   238 |       |       ||   267
       Broad axe         |       |       |       |   357 |   982 |  1102 ||  2441
       Mace              |       |       |       |   189 |   152 |     8 ||   349
       Executioner's axe |       |       |       |       |   143 |       ||   143
       Unarmed           |       |       |       |       |       |    30 ||    30
Throw: Tomahawk          |       |       |     3 |    17 |       |       ||    20
Invok: Berserk           |       |     2 |     4 |    10 |     5 |     3 ||    24
       Trog's Hand       |       |       |     4 |    14 |    25 |    27 ||    70
       Burn Spellbooks   |       |       |       |     4 |     2 |     2 ||     8
       Brothers in Arms  |       |       |       |       |     6 |     3 ||     9
 Abil: Evoke Flight      |       |       |       |       |       |     1 ||     1
Evoke: Wand              |       |       |     5 |     3 |    10 |     2 ||    20
       Disc of storms    |       |       |       |     1 |       |       ||     1
  Use: Scroll            |       |     9 |     9 |     6 |    17 |    21 ||    62
       Potion            |       |     1 |     3 |    10 |     4 |     9 ||    27
 Stab: Confused          |       |       |       |       |       |     1 ||     1
  Eat: Chunk             |     2 |     6 |    19 |    27 |    39 |    28 ||   121
       Beef jerky        |       |       |       |     3 |     2 |     2 ||     7
       Pizza             |       |       |       |     3 |       |       ||     3
       Royal jelly       |       |       |       |     1 |     4 |     8 ||    13
       Bread ration      |       |       |       |     2 |     2 |     1 ||     5
       Meat ration       |       |       |       |     1 |     4 |     1 ||     6
       Fruit             |       |       |       |     1 |       |       ||     1
